 Dungeon Crawl Stone Soup version 0.29-a0-911-g88e6f02907 (webtiles) character file.

Game seed: 8707605990709166870

1634591 ketsa the Sorcerer (level 27, 205/205 HPs)
             Began as a Djinni Conjurer on May 30, 2022.
             Was the Champion of Makhleb.
             Escaped with the Orb
             ... and 3 runes on July 25, 2022!
             The game lasted 11:35:13 (76749 turns).

ketsa the Sorcerer (Djinni Conjurer)               Turns: 76749, Time: 11:35:14

Health: 205/205    AC: 22    Str:  8    XL:     27
Gold:   5376       EV: 21    Int: 40    God:    Makhleb [******] SH: 10 Dex: 17

rFire   + + .      SeeInvis +   p - +7 demon whip of Luiskiot {drain, rC+ Int+7 SInv Stlth+}
rCold   + + .      Faith    .   q - +3 buckler {reflect}
rNeg    + + .      Spirit   +   K - +4 moon troll leather armour {Spirit, Regen++ MP+5}
rPois   ∞          Reflect  +   i - +2 helmet {Int+3}
rElec   +          Harm     .   Y - +2 cloak {rCorr}
rCorr   +          Rampage  .   a - +2 pair of gloves of Fygutani {rF- rN++ Will+ Stlth+}
Will    +++..      Rage     3%  (boots unavailable)
Stlth   +++.......              X - amulet of Vitality {RegenMP++ Regen++}
HPRegen 3.64/turn               V - ring "Qoseuck" {rElec rPois Dex+3}
MPRegen 0.00/turn               w - ring of protection from cold

@: mighty, brilliant, resistant, flying, hasted, studying Unarmed Combat, very
quick
A: sickness immunity, fire resistance 2, cold vulnerability 1, float, innate
caster, HP casting, extra vitality 1, berserk 1
0: Orb of Zot
}: 3/15 runes: serpentine, barnacled, silver
a: Renounce Religion, Minor Destruction, Lesser Servant of Makhleb, Major
Destruction, Greater Servant of Makhleb


You escaped.
You worshipped Makhleb.
Makhleb was exalted by your worship.
You visited 12 branches of the dungeon, and saw 53 of its levels.
You also visited: Ice Cave.

You collected 12241 gold pieces.
You spent 6865 gold pieces at shops.

Inventory:

Hand Weapons
 p - the +7 demon whip of Luiskiot (weapon) {drain, rC+ Int+7 SInv Stlth+}
   (You found it on level 1 of the Depths)

   A truly terrible weapon, it drains the life of any living foe it strikes.
   Int:       It affects your intelligence (+7).
   rC:        It protects you from cold.
   SInv:      It lets you see invisible.
   Stlth:     It makes you more stealthy.
 I - the +1 spear "Sarcophage" {vorpal, rF+ rCorr Int+6}
   (You took it off an orc on level 7 of the Dungeon)

   It inflicts extra damage upon your enemies.
   Int:       It affects your intelligence (+6).
   rF:        It protects you from fire.
   rCorr:     It protects you from acid and corrosion.
 T - the +3 rapier "Ifarch" {vorpal, rElec Int+5 Stlth+}
   (You took it off a deep elf annihilator on level 3 of the Elven Halls)

   It inflicts extra damage upon your enemies.
   Int:       It affects your intelligence (+5).
   rElec:     It insulates you from electricity.
   Stlth:     It makes you more stealthy.
Armour
 a - the +2 pair of gloves of Fygutani (worn) {rF- rN++ Will+ Stlth+}
   (You acquired it on level 1 of the Vaults)

   rF:        It makes you vulnerable to fire.
   rN:        It greatly protects you from negative energy.
   Will:      It increases your willpower.
   Stlth:     It makes you more stealthy.
 b - +3 storm dragon scales {Bai Suzhen}
 i - a +2 helmet of intelligence (worn)
 q - a +3 buckler of reflection (worn)
 z - the +9 scale mail "Lacin" {Int+4}
   (You bought it in a shop on level 1 of the Depths)

   Int:       It affects your intelligence (+4).
 E - the +5 chain mail "Ireomnue" {Harm rElec Int+3 SInv}
   (You took it off a death knight on level 1 of the Crypt)

   Int:       It affects your intelligence (+3).
   rElec:     It insulates you from electricity.
   SInv:      It lets you see invisible.
   Harm:      It increases damage dealt and taken.
 K - the +4 moon troll leather armour (worn) {Spirit, Regen++ MP+5}
   (You bought it in a shop on level 2 of the Orcish Mines)

   MP:        It affects your magic capacity (+5).
   Regen:     It increases your rate of health regeneration.
 Y - a +2 cloak of preservation (worn)
Magical Staves
 g - a staff of conjuration
 n - a staff of air
Jewellery
 r - a +6 ring of intelligence
 s - a ring of positive energy
 w - a ring of protection from cold (right hand)
 D - the ring of Basethros {rCorr Str+2 Int+4}
   (You took it off a deep elf pyromancer on level 3 of the Elven Halls)

   [ring of resist corrosion]

   Str:       It affects your strength (+2).
   Int:       It affects your intelligence (+4).
   rCorr:     It protects you from acid and corrosion.
 F - the ring of Myppon {Ice +Blink Will- Dex+2 Stlth+}
   (You bought it in a shop on level 2 of the Orcish Mines)

   [ring of ice]

   It enhances your ice magic.
   Dex:       It affects your dexterity (+2).
   rF:        It makes you vulnerable to fire.
   rC:        It protects you from cold.
   +Blink:    It lets you blink.
   Will:      It decreases your willpower.
   Stlth:     It makes you more stealthy.
 O - a ring of willpower
 U - the amulet "Guggiph" {Reflect rF+ rN++ Str-4 SH+5}
   (You bought it in a shop on level 1 of the Depths)

   [amulet of reflection]

   It reflects blocked missile attacks.
   Str:       It affects your strength (-4).
   rF:        It protects you from fire.
   rN:        It greatly protects you from negative energy.
   SH:        It affects your SH (+5).
 V - the ring "Qoseuck" (left hand) {rElec rPois Dex+3}
   (You bought it in a shop on level 1 of the Depths)

   [ring of poison resistance]

   Dex:       It affects your dexterity (+3).
   rElec:     It insulates you from electricity.
   rPois:     It protects you from poison.
 X - the amulet of Vitality (around neck) {RegenMP++ Regen++}
   (You found it on level 3 of the Crypt)

   [amulet of magic regeneration]

   It increases your rate of magic regeneration.
   Regen:     It increases your rate of health regeneration.
Wands
 B - a wand of mindburst (7)
 Z - a wand of digging (11)
Scrolls
 e - 11 scrolls of fog
 l - 38 scrolls of teleportation
 m - 11 scrolls of immolation
 u - 7 scrolls of fear
 A - 3 scrolls of summoning
 C - 6 scrolls of enchant armour
 H - 7 scrolls of blinking
 L - 9 scrolls of torment
 P - 3 scrolls of silence
 W - 5 scrolls of holy word
Potions
 c - 10 potions of haste
 f - a potion of resistance
 h - 8 potions of heal wounds
 j - 8 potions of lignification
 k - 14 potions of might
 o - 9 potions of mutation
 t - 29 potions of curing
 v - a potion of brilliance
 x - 6 potions of berserk rage
 G - 16 potions of attraction
 J - 6 potions of cancellation
 Q - 6 potions of invisibility
Miscellaneous
 d - a phantom mirror
 y - a phantom mirror
 M - a piece from Xom's chessboard (15/15)
 N - a box of beasts
 R - a tin of tremorstones (2/2)
 S - a condenser vane


   Skills:
 - Level 20.1 Fighting
 - Level 8.2 Maces & Flails
 - Level 9.0 Polearms
 - Level 17.2 Armour
 - Level 17.0 Dodging
 - Level 12.4 Stealth
 - Level 11.8 Shields
 * Level 25.2 Spellcasting
 - Level 10.0 Invocations
 - Level 12.7 Evocations


You couldn't memorise any spells.
You knew the following spells:

 Your Spells              Type           Power      Damage    Failure   Level
a - Magic Dart            Conj           100%       1d8       0%          1
b - Searing Ray           Conj           100%       2d8       0%          2
c - Dazzling Flash        Conj/Hex       100%       N/A       0%          3
d - Fulminant Prism       Conj/Hex       77%        3d32      0%          4
e - Iskenderun's Mystic   Conj/Tloc      100%       2d19      0%          4
f - Sandblast             Erth           100%       2d20      0%          1
g - Ensorcelled Hibernat  Hex/Ice        100%       N/A       0%          2
h - Ignite Poison         Fire/Tmut/Pois 100%       N/A       0%          3
i - Olgreb's Toxic Radia  Pois           100%       N/A       0%          4
j - Lightning Bolt        Conj/Air       77%        1d103     0%          5
k - Borgnjor's Vile Clut  Necr/Erth      77%        N/A       0%          5
l - Iron Shot             Conj/Erth      77%        9d14      0%          6
m - Ozocubu's Refrigerat  Ice            77%        4d20      0%          7
n - Enfeeble              Hex            77%        N/A       0%          7
o - Orb of Destruction    Conj           77%        9d17      0%          7
p - Maxwell's Capacitive  Air            77%        ∞         1%          8
q - Necromutation         Tmut/Necr      77%        N/A       1%          8
r - Chain Lightning       Conj/Air       77%        3d102     1%          9
Your spell library was empty.

Dungeon Overview and Level Annotations

Branches:
Dungeon (15/15)            Temple (1/1) D:7            Lair (6/6) D:10
 Shoals (4/4) Lair:4        Snake (4/4) Lair:2        Slime (1/5) Lair:6
    Orc (2/2) D:9             Elf (3/3) Orc:2        Vaults (5/5) D:13
  Crypt (3/3) Vaults:2       Tomb (0/3) Crypt:3      Depths (4/4) D:15
    Zot (5/5) Depths:4      IceCv (visited)

Altars:
Ashenzari
Cheibriados
Dithmenos
Elyvilon
Fedhas
Gozag
Hepliaklqana
Makhleb
Nemelex Xobeh
Okawaru
Qazlal
Ru
Trog
Uskayaw
Wu Jian
Xom
Yredelemnul
Zin
The Shining One

Shops:
D:13 !   Orc:2 [=!([   Elf:1 (   Shoals:2 ?   Shoals:4 *   Snake:3 ::=
Snake:4 (**??   Vaults:5 ?   Depths:1 =:[

Portals:
Hell: Depths:1 Depths:2 Depths:3 Depths:4
Abyss: Lair:3 Depths:2 Depths:3 Depths:4
Pandemonium: Depths:2
Ziggurat: Depths:1

Annotations:
D:7 exclusion: downstairs
Crypt:1 exclusion: door
Zot:4 3 runed translucent doors, exclusion: downstairs


Innate Abilities, Weirdness & Mutations

You are immune to sickness and miasma.
You are immune to poison.
Your flesh is very heat resistant. (rF++)
You are vulnerable to cold. (rC-)
You float through the air rather than walking.
You learn spells naturally, not from books.
Your magical power is your life essence.
You have superior vitality. (+4 MHP)
You sometimes lose your temper in combat.


Message History

Lightning arcs from your hands!
The bolt of lightning hits the hell hog!!!!
You kill the hell hog!
Makhleb accepts your kill.
You feel better. The bolt of lightning hits you. You resist.
The bolt of lightning hits the hell hog!!!!
You kill the hell hog!
Makhleb accepts your kill.
You feel better.
The bolt of lightning hits the hell hog!!!!
You kill the hell hog!
Makhleb accepts your kill.
A reaper comes into view. It is wielding a +2 scythe of flaming.
Casting: Chain Lightning (dangerous; 1% risk of failure)
Confirm with . or Enter, or press ? or * to list all spells.
Aiming: Iron Shot (safe; 0% risk of failure)
Press: ? - help, Shift-Dir - straight line, f - reaper
Aim: a reaper, wielding a +2 scythe of flaming (81% to hit)
The iron shot hits the reaper!!!
The reaper is severely wounded.
Casting: Iron Shot (safe; 0% risk of failure)
Confirm with . or Enter, or press ? or * to list all spells.
Aiming: Iron Shot (safe; 0% risk of failure)
Press: ? - help, Shift-Dir - straight line, f/p - reaper
Aim: a reaper, wielding a +2 scythe of flaming (severely wounded, 81% to hit)
The iron shot hits the reaper!!!!
You kill the reaper!
Makhleb accepts your kill.
You feel better.
You see here a +2 scythe of flaming.
You see here a +0 short sword.
There is an empty arch of ancient stone here.
Enter note: YEAH !
There is a staircase leading out of the dungeon here.
You feel yourself speed up.
You feel protected.
You feel very mighty all of a sudden.
You feel clever all of a sudden.
Okay, then.
You have escaped!

.........##.#...≈...#..####.##.##
...#'######.#.8.≈.8.#..# #.....#
.........##.#...≈...#..# #.....#
.........##.#.⌠.≈.⌠.#..# #.....#
.........##.#...≈...#..# ##....#
.........##.#.8)≈.8.#..# #....#
##.###'####.#...≈...#..# #.....
##.###..###.###...###..#####..(..
..............##@##..............
#..............###..#............
####....###......................
.................................
..##...#.#.................#####.
#.##...#........#..##..#.##.####.
#.##.(........................##.
#.##.............................
..##....[........................


There were no monsters in sight!

Vanquished Creatures
  3 ancient liches (Zot:5)
  A dread lich (Zot:5)
  5 orbs of fire
  A juggernaut (Depths:4)
  Boris (twice) (Vaults:4 Depths:3)
  Sojobo (Depths:3)
  Vashnia (Snake:3)
  4 Killer Klowns (Zot:5)
  Bai Suzhen (Vaults:2)
  2 curse toes
  A pandemonium lord (D:9)
  9 golden dragons
  Nikola (Vaults:3)
  A bone dragon (Crypt:3)
  A Tzitzimitl (Depths:3)
  12 tentacled monstrosities
  5 electric golems
  4 titans (Vaults:5)
  27 Orb Guardians
  An Ice Fiend (D:9)
  3 liches
  3 deep elf master archers (Elf:3)
  9 quicksilver dragons
  An acid blob (Lair:6)
  5 deep elf blademasters
  6 sphinxes
  Polyphemus (Shoals:3)
  2 Executioners (Depths:3)
  10 ancient champions
  5 krakens
  12 death cobs
  10 shadow dragons
  10 tengu reavers
  6 nagarajas
  21 storm dragons
  An azure jelly (Slime:1)
  5 revenants
  Ilsuiw (Shoals:3)
  6 fire giants
  5 draconian knights
  An iron dragon (Vaults:5)
  4 deep elf sorcerers (Elf:3)
  8 draconian scorchers
  2 orc warlords
  5 draconian shifters
  13 frost giants
  3 curse skulls
  3 ghost moths
  13 vault wardens
  Louise (Depths:3)
  A balrug (Depths:2)
  3 caustic shrike zombies
  A draconian stormcaller (Zot:2)
  7 ghouls
  20 ironbound preservers
  5 deep elf elementalists (Elf:3)
  A spriggan defender (Depths:3)
  A draconian annihilator (Depths:4)
  4 reapers
  A juggernaut skeleton (Crypt:1)
  4 ironbound thunderhulks
  5 war gargoyles
  39 very ugly things
  A caustic shrike skeleton (Depths:3)
  12 stone giants
  14 vampire knights
  9 deep elf demonologists
  2 green draconians
  9 black draconians
  2 pale draconians (Depths:4)
  13 white draconians
  2 entropy weavers (Vaults:1)
  2 lorocyprocas
  10 dire elephants
  6 spark wasps
  7 deep elf annihilators (Elf:3)
  An entropy weaver (shapeshifter) (Vaults:4)
  7 purple draconians
  9 red draconians
  9 yellow draconians
  2 spectral titans (Depths:3)
  The ghost of Mose the Archer, a journeyman DgHu (Lair:3)
  Snorg (Lair:3)
  2 mummy priests
  A quicksilver dragon zombie (Crypt:2)
  14 jiangshi
  8 fire dragons
  16 yaktaur captains
  A blizzard demon (Depths:4)
  2 crystal guardians
  15 deep elf death magi
  17 ettins
  8 deep elf high priests
  7 great orbs of eyes
  12 merfolk impalers
  5 eidola
  A spectral spriggan (Depths:3)
  17 merfolk javelineers
  4 rakshasas
  12 naga warriors
  28 vault guards
  A spectral golden dragon (Depths:3)
  10 ice dragons
  A caustic shrike simulacrum (Depths:3)
  8 boulder beetles
  A hydra (shapeshifter) (Vaults:5)
  2 ogre magi
  Harold (Lair:2)
  7 spriggan air magi
  3 salamander tyrants (Snake:4)
  3 catoblepae
  4 peacekeepers
  9 hydras
  7 death knights
  A spriggan skeleton (Crypt:2)
  15 centaur warriors
  3 merfolk avatars
  11 anacondas
  An alligator snapping turtle (shapeshifter) (Vaults:5)
  12 two-headed ogres
  2 satyrs
  Erica (Lair:1)
  6 alligator snapping turtles
  13 ironbound frosthearts
  7 merfolk aquamancers
  27 dancing weapons
  6 tengu warriors
  9 shock serpents
  11 deep troll shamans
  14 deep troll earth magi
  19 death yaks
  16 vampire magi
  3 spriggan berserkers
  2 spectral storm dragons (Depths:3)
  5 orc high priests
  5 hell hogs
  A titan zombie (Depths:3)
  A thrashing horror (Lair:3)
  10 soul eaters
  Sonja (Lair:2)
  16 naga sharpshooters
  28 skeletal warriors
  14 deep elf knights
  Amaemon (D:8)
  Nergalle (D:10)
  8 salamander mystics
  A shadow wraith (Crypt:3)
  2 sun demons
  A titan skeleton (Crypt:1)
  2 golden dragon zombies (Depths:3)
  12 iron trolls
  13 hell knights
  A quicksilver dragon simulacrum (Depths:3)
  2 glowing orange brains (shapeshifter)
  10 flayed ghosts
  16 sea snakes
  A bog body (Crypt:2)
  3 golden dragon skeletons
  2 shadow demons (Crypt:2)
  8 naga ritualists
  A swamp dragon (shapeshifter) (Vaults:3)
  58 deep trolls
  13 deep elf archers
  A glowing orange brain (Depths:3)
  19 ironbound convokers
  A lindwurm (shapeshifter) (Lair:3)
  A spriggan simulacrum (Crypt:1)
  11 lindwurms
  22 deep elf pyromancers
  11 phantasmal warriors
  A sphinx zombie (Crypt:3)
  9 wizards
  33 deep elf zephyrmancers
  16 necromancers
  10 orc knights
  17 harpies
  4 mana vipers
  2 frost giant zombies
  3 cyclopes
  13 manticores
  An orc sorcerer (Orc:2)
  18 salamanders
  9 fauns
  3 tengu skeletons (Depths:3)
  12 elephants
  9 centaur zombies
  8 guardian serpents
  21 moths of wrath
  58 ugly things
  8 merfolk sirens
  An iron dragon skeleton (Depths:3)
  12 naga magi
  17 vault sentinels
  3 naga zombies
  Maurice (D:10)
  A torpor snail (Lair:4)
  An apocalypse crab (Lair:3)
  11 cane toads
  A naga skeleton (Crypt:1)
  A titan simulacrum (Crypt:2)
  3 gargoyles
  3 water nymphs
  An orange demon (D:8)
  A smoke demon (Depths:2)
  36 black mambas
  An alligator snapping turtle zombie (Crypt:3)
  Maggie (D:10)
  3 kobold demonologists
  A hellion (Zot:1)
  A dire elephant skeleton (Crypt:3)
  20 yaktaurs
  A bunyip simulacrum (Crypt:3)
  An unseen horror (D:10)
  17 rime drakes
  11 freezing wraiths
  A spectral human (Depths:3)
  An ice devil (Lair:3)
  3 tormentors (Depths:3)
  9 komodo dragons
  2 demonic crawlers
  A catoblepas skeleton (Crypt:1)
  A golden dragon simulacrum (Depths:3)
  5 tengu conjurers
  A harpy zombie (Vaults:1)
  A hellwing (D:3)
  A yaktaur skeleton (Vaults:1)
  5 trolls
  6 hornets
  8 guardian mummies (Crypt:3)
  2 tengu simulacra (Depths:3)
  48 merfolk
  2 harpy skeletons (Crypt:1)
  A hydra zombie (Crypt:1)
  21 polar bears
  Prince Ribbit (D:9)
  9 snapping turtles
  A sphinx simulacrum (Depths:3)
  8 wind drakes
  A tarantella (shapeshifter) (D:13)
  An ettin zombie (Vaults:2)
  A satyr zombie (Crypt:3)
  21 blink frogs
  Grinder (D:3)
  A frost giant simulacrum (Depths:3)
  2 meliai zombies (D:11)
  2 dream sheep (Shoals:2)
  2 flying skulls
  4 spriggans
  An elf zombie (Vaults:1)
  41 slime creatures
  A culicivora (Vaults:1)
  An ettin skeleton (Crypt:2)
  2 shadows (D:9)
  9 wraiths
  A dire elephant simulacrum (Crypt:2)
  5 vampires
  5 basilisks
  A satyr skeleton (Crypt:2)
  12 water elementals
  6 wyverns
  2 fire elementals
  2 golden eyes (Slime:1)
  60 yaks
  A chaos spawn (D:4)
  An elf simulacrum (Vaults:2)
  2 redbacks (Vaults:1)
  6 steam dragons
  2 large abominations (Depths:3)
  A black mamba skeleton (Crypt:3)
  20 vampire mosquitoes
  60 nagas
  A two-headed ogre zombie (Crypt:1)
  8 acid dragons
  A swamp worm (shapeshifter) (Vaults:5)
  3 hell hounds (D:9)
  20 water moccasins
  2 wargs
  A hydra simulacrum (Crypt:1)
  2 water nymph zombies
  A floating eye (shapeshifter) (Vaults:1)
  A floating eye (Depths:1)
  42 orc warriors
  7 ogres
  A sky beast (D:7)
  2 boggarts (Crypt:2)
  A lindwurm skeleton (Crypt:2)
  6 wolves
  A dream sheep zombie (Crypt:1)
  A blink frog skeleton (Crypt:3)
  A swamp dragon skeleton (Crypt:1)
  8 centaurs
  3 phantoms
  4 kobold brigands
  A fire crab zombie (Crypt:1)
  A komodo dragon zombie (Crypt:1)
  A glowing shapeshifter simulacrum (Vaults:1)
  7 earth elementals
  13 bullfrogs
  2 scorpions
  6 necrophages
  6 wights
  3 troll zombies (D:9)
  A warg skeleton (Crypt:2)
  5 killer bees (D:11)
  A polar bear skeleton (Crypt:1)
  3 howler monkeys
  A yak skeleton (Crypt:1)
  13 electric eels
  A raiju skeleton (Crypt:3)
  A crimson imp (D:12)
  A wolf skeleton (Crypt:2)
  7 hounds
  2 gnoll boudas
  8 jellies
  25 orc priests
  A human zombie (Crypt:2)
  4 iguanas
  36 orc wizards
  A scorpion zombie (Crypt:3)
  3 ogre zombies (D:9)
  An acid dragon skeleton (Crypt:1)
  A mummy (Crypt:3)
  A howler monkey zombie (D:11)
  9 gnolls
  3 adders
  A swamp drake skeleton (Crypt:2)
  3 shadow imps
  2 white imps
  3 ufetubi
  2 worms
  2 dart slugs
  105 orcs
  7 ball pythons
  6 bats
  12 endoplasms
  4 giant cockroaches
  6 goblins
  10 hobgoblins
  3 jackals (D:2)
  5 quokkas
  2 frilled lizards
  2 goblin zombies (D:9)
  2 hobgoblin zombies (D:9)
  17 kobolds
  2 kobold skeletons
  3 orc skeletons (D:9)
  11 orc zombies (D:9)
  7 rats
  A bush (Depths:4)
  8 tentacles
2511 creatures vanquished.

Vanquished Creatures (collateral kills)
  An elephant (Lair:6)
  A cane toad (Lair:2)
  Sigmund (D:3)
  2 centaurs
  An orc wizard (Orc:1)
  2 orcs (Orc:2)
  An orc zombie (D:9)
9 creatures vanquished.

Vanquished Creatures (others)
  A bush (Lair:4)
  101 fulminant prisms
  76 fungi
  309 plants
  12 tentacles
  4 toadstools (D:3)
503 creatures vanquished.

Grand Total: 3023 creatures vanquished

Notes
Turn   | Place    | Note
-------+----------+-------------------------------------------
     0 | D:1      | ketsa the Djinni Conjurer began the quest for the Orb.
     0 | D:1      | Reached XP level 1. HP: 15/15 MP: 0/0
   276 | D:1      | Reached XP level 2. HP: 20/22 MP: 0/0
   309 | D:1      | Reached skill level 1 in Fighting
   835 | D:1      | Reached XP level 3. HP: 24/27 MP: 0/0
   835 | D:1      | Learned a level 1 spell: Sandblast
  1750 | D:2      | Reached XP level 4. HP: 24/33 MP: 0/0
  2830 | D:3      | Found a faded altar of an unknown god.
  2831 | D:3      | Noticed Grinder
  3011 | D:3      | Reached skill level 4 in Spellcasting
  3212 | D:3      | Found a shimmering altar of Xom.
  3260 | D:3      | Noticed Sigmund
  3475 | D:4      | Found a sacrificial altar of Ru.
  3507 | D:4      | Reached XP level 5. HP: 35/40 MP: 0/0
  3507 | D:4      | Learned a level 2 spell: Ensorcelled Hibernation
  3800 | D:4      | Reached XP level 6. HP: 25/47 MP: 0/0
  4187 | D:4      | Found a glowing golden altar of the Shining One.
  4187 | D:4      | Found a blossoming altar of Fedhas.
  4187 | D:4      | Found a bloodstained altar of Trog.
  4188 | D:4      | Found an iron altar of Okawaru.
  4188 | D:4      | Found an opulent altar of Gozag.
  4189 | D:4      | Found a hazy altar of Hepliaklqana.
  4189 | D:4      | Found a glowing silver altar of Zin.
  4309 | D:4      | Found a sparkling altar of Nemelex Xobeh.
  4582 | D:5      | Entered Level 5 of the Dungeon
  4596 | D:4      | Reached XP level 7. HP: 41/53 MP: 0/0
  4596 | D:4      | Learned a level 3 spell: Ignite Poison
  4618 | D:5      | Reached skill level 5 in Spellcasting
  4781 | D:5      | Reached skill level 5 in Fighting
  5256 | D:5      | Reached XP level 8. HP: 47/60 MP: 0/0
  6087 | D:5      | Reached skill level 6 in Spellcasting
  6801 | D:6      | Reached XP level 9. HP: 63/68 MP: 0/0
  6801 | D:6      | Learned a level 4 spell: Olgreb's Toxic Radiance
  7534 | D:6      | Reached skill level 7 in Spellcasting
  8451 | D:7      | Identified the +1 spear "Sarcophage" {vorpal, rF+ rCorr
                  | Int+6}
  9097 | D:7      | Found a staircase to the Ecumenical Temple.
  9125 | Temple   | Entered the Ecumenical Temple
  9408 | Temple   | Became a worshipper of Makhleb the Destroyer
  9488 | D:7      | Found the +2 ratskin cloak {*Rats rPois rN+ Str-1 Int-1
                  | Dex+1}
  9838 | D:8      | Reached XP level 10. HP: 62/78 MP: 0/0
  9845 | D:8      | Reached skill level 8 in Spellcasting
 10188 | D:8      | Reached skill level 10 in Fighting
 10445 | D:8      | Noticed Amaemon
 10484 | D:8      | Noticed an orange demon
 11075 | D:8      | Reached * piety under Makhleb
 11338 | D:9      | Reached skill level 9 in Spellcasting
 11736 | D:9      | Noticed Prince Ribbit
 11751 | D:9      | Killed Prince Ribbit
 11799 | D:9      | Reached XP level 11. HP: 79/87 MP: 0/0
 11799 | D:9      | Learned a level 5 spell: Lightning Bolt
 12273 | D:9      | Found a staircase to the Orcish Mines.
 12655 | D:9      | Reached ** piety under Makhleb
 13183 | Orc:1    | Entered Level 1 of the Orcish Mines
 13217 | D:10     | Entered Level 10 of the Dungeon
 13236 | D:10     | Noticed Nergalle
 13250 | D:10     | Killed Nergalle
 13277 | D:10     | Noticed Maggie
 13550 | D:11     | Reached skill level 10 in Spellcasting
 13751 | D:10     | Noticed a death yak
 13751 | D:10     | Noticed a death yak
 14082 | D:10     | Killed Maggie
 14438 | D:10     | Found a staircase to the Lair.
 14438 | D:10     | Noticed a death yak
 14438 | D:10     | Noticed a death yak
 14467 | D:10     | Noticed a death yak
 14471 | D:10     | Killed a death yak
 14549 | D:10     | Killed a death yak
 14550 | D:10     | Killed a death yak
 14555 | D:10     | Killed a death yak
 14556 | D:10     | Reached XP level 12. HP: 80/96 MP: 0/0
 14770 | D:10     | Noticed Maurice
 14773 | D:10     | Killed Maurice
 15090 | D:10     | Killed a death yak
 15133 | Lair:1   | Entered Level 1 of the Lair of Beasts
 15133 | Lair:1   | Noticed Erica
 15290 | Lair:1   | Killed Erica
 15292 | Lair:1   | Reached skill level 11 in Spellcasting
 15369 | Lair:1   | Reached *** piety under Makhleb
 16514 | Lair:2   | Noticed Harold
 16520 | Lair:2   | Killed Harold
 16792 | Lair:2   | Found a staircase to the Snake Pit.
 16803 | Snake:1  | Entered Level 1 of the Snake Pit
 16973 | Lair:2   | Noticed a five-headed hydra
 16986 | Lair:2   | Killed a five-headed hydra
 17123 | Lair:2   | Noticed a boulder beetle
 17130 | Lair:2   | Killed a boulder beetle
 17199 | Lair:2   | Reached skill level 1 in Armour
 17210 | Lair:2   | Noticed a six-headed hydra
 17214 | Lair:2   | Killed a six-headed hydra
 17433 | Lair:2   | Noticed Sonja
 17440 | Lair:2   | Killed Sonja
 17568 | Lair:2   | Noticed a six-headed hydra
 17572 | Lair:2   | Reached skill level 1 in Invocations
 17572 | Lair:2   | Reached skill level 1 in Evocations
 17572 | Lair:2   | Killed a six-headed hydra
 17573 | Lair:2   | Reached XP level 13. HP: 83/105 MP: 0/0
 17573 | Lair:2   | Learned a level 5 spell: Borgnjor's Vile Clutch
 18396 | Lair:2   | Reached skill level 5 in Dodging
 18500 | Lair:2   | Noticed a catoblepas
 18514 | Lair:2   | Killed a catoblepas
 18966 | Lair:3   | Noticed Snorg
 18978 | Lair:3   | Killed Snorg
 19683 | Lair:3   | Found a transporter.
 19687 | Lair:3   | Found a transporter.
 19694 | Lair:3   | Noticed Mose's ghost (journeyman DgHu)
 19958 | D:3      | Found a snail-covered altar of Cheibriados.
 20074 | D:3      | Killed Sigmund
 20401 | D:3      | Paralysed by Grinder for 2 turns
 20402 | D:3      | Killed Grinder
 20742 | D:8      | Killed Amaemon
 21178 | Lair:3   | Reached **** piety under Makhleb
 21347 | Lair:3   | Found a one-way gate to the infinite horrors of the Abyss.
 21583 | Lair:4   | Reached skill level 5 in Invocations
 21585 | Lair:4   | Reached skill level 12 in Spellcasting
 21727 | Lair:4   | Identified 2 scrolls of acquirement
 21727 | Lair:4   | Acquired 910 gold pieces
 21854 | Lair:4   | Reached XP level 14. HP: 102/112 MP: 0/0
 22890 | Orc:2    | Entered Level 2 of the Orcish Mines
 22890 | Orc:2    | Found a staircase to the Elven Halls.
 22897 | Elf:1    | Entered Level 1 of the Elven Halls
 23897 | Orc:2    | Found Rearch's Armour Shoppe.
 23913 | Orc:2    | Bought a +1 helmet of intelligence for 231 gold pieces
 23963 | Orc:2    | Reached skill level 15 in Fighting
 24011 | Orc:2    | Found Manikkui's Distillery.
 24016 | Orc:2    | Bought a potion of haste for 160 gold pieces
 24016 | Orc:2    | Bought a potion of heal wounds for 80 gold pieces
 24016 | Orc:2    | Bought a potion of haste for 160 gold pieces
 24016 | Orc:2    | Bought a potion of curing for 48 gold pieces
 24138 | Orc:2    | Reached ***** piety under Makhleb
 24152 | Orc:2    | Noticed an orc warlord
 24158 | Orc:2    | Killed an orc warlord
 24276 | Orc:2    | Found Upunlomu's Antique Weapon Boutique.
 24284 | Orc:2    | Found Lienoran's Antique Armour Shop.
 24301 | Orc:2    | Bought the +4 moon troll leather armour {Spirit, Regen++
                  | MP+5} for 1199 gold pieces
 24301 | Orc:2    | Bought an embroidered scarf for 176 gold pieces
 24301 | Orc:2    | Found the +4 moon troll leather armour {Spirit, Regen++
                  | MP+5}
 24371 | Orc:2    | Found Qoalegy's Jewellery Shoppe.
 25492 | Lair:4   | Found a staircase to the Shoals.
 25549 | Shoals:1 | Entered Level 1 of the Shoals
 26395 | Lair:5   | Reached XP level 15. HP: 120/120 MP: 0/0
 26395 | Lair:5   | Learned a level 6 spell: Iron Shot
 27128 | Lair:6   | Entered Level 6 of the Lair of Beasts
 27417 | Lair:6   | Reached skill level 10 in Dodging
 27425 | Lair:6   | Reached skill level 13 in Spellcasting
 27687 | Lair:6   | Found a staircase to the Slime Pits.
 27716 | Lair:6   | Identified the +4 ring mail of Lies {rElec rN+ Dex+2}
 27738 | Slime:1  | Entered Level 1 of the Pits of Slime
 27738 | Slime:1  | Noticed an acid blob
 27738 | Slime:1  | Noticed an acid blob
 27738 | Slime:1  | Noticed an azure jelly
 27739 | Slime:1  | Noticed an acid blob
 27747 | Slime:1  | Noticed an azure jelly
 27753 | Slime:1  | Killed an azure jelly
 27759 | Slime:1  | Noticed a quicksilver ooze
 27767 | Slime:1  | Noticed an acid blob
 27770 | Slime:1  | Gained mutation: You sometimes lose your temper in combat.
                  | [a shining eye]
 27772 | Slime:1  | Gained mutation: Armour fits poorly on your strangely
                  | shaped body. [a shining eye]
 27779 | Lair:6   | Killed an acid blob
 27899 | Lair:5   | Reached ****** piety under Makhleb
 28175 | Lair:6   | Found the +8 trident of the Octopus King {venom, rElec
                  | rPois}
 29213 | D:11     | Found the +10 dark maul {vorpal}
 29493 | D:11     | Reached XP level 16. HP: 120/129 MP: 0/0
 29670 | D:11     | Found a basalt altar of Yredelemnul.
 30746 | D:12     | Reached skill level 5 in Evocations
 31518 | D:13     | Found a gate to the Vaults.
 32159 | D:13     | Reached skill level 10 in Invocations
 32189 | D:13     | Reached skill level 5 in Stealth
 32189 | D:13     | Reached XP level 17. HP: 135/135 MP: 0/0
 32189 | D:13     | Learned a level 7 spell: Ozocubu's Refrigeration
 32293 | D:13     | Found Wucrioshre's Distillery.
 32298 | D:13     | Bought a potion of heal wounds for 65 gold pieces
 32298 | D:13     | Bought a potion of curing for 39 gold pieces
 32776 | D:14     | Found a runed translucent door.
 33242 | D:15     | Entered Level 15 of the Dungeon
 33247 | D:15     | Reached skill level 14 in Spellcasting
 33514 | D:15     | Found a frozen archway.
 33518 | IceCv    | Entered an ice cave
 33586 | IceCv    | Reached XP level 18. HP: 143/143 MP: 0/0
 33887 | IceCv    | Upgraded the game from 0.29-a0-330-g52719c12eb to
                  | 0.29-a0-520-gc852659d43
 34758 | D:15     | Found a staircase to the Depths.
 34786 | Depths:1 | Entered Level 1 of the Depths
 35371 | Snake:1  | Reached skill level 1 in Shields
 37355 | Snake:3  | Reached XP level 19. HP: 139/151 MP: 0/0
 37355 | Snake:3  | Learned a level 7 spell: Enfeeble
 37502 | Snake:3  | Reached skill level 15 in Spellcasting
 37517 | Snake:3  | Reached skill level 5 in Shields
 37577 | Snake:3  | Noticed Vashnia
 37586 | Snake:3  | Killed Vashnia
 37692 | Snake:3  | Found Uqaow's Book Shop.
 37694 | Snake:3  | Found Tumuast's Jewellery Emporium.
 37695 | Snake:3  | Found Ryaled's Book Shop.
 38491 | Snake:4  | Entered Level 4 of the Snake Pit
 38500 | Snake:4  | Found Piegot's Magic Scroll Shop.
 38511 | Snake:4  | Bought a scroll of teleportation for 57 gold pieces
 38511 | Snake:4  | Bought a scroll of teleportation for 57 gold pieces
 38511 | Snake:4  | Bought a scroll of blinking for 142 gold pieces
 39185 | Snake:4  | Reached XP level 20. HP: 155/160 MP: 0/0
 39358 | Snake:4  | Got a serpentine rune of Zot
 39538 | Snake:4  | Found Xinak's Magic Scroll Boutique.
 39547 | Snake:4  | Found Sedifrass's Assorted Antiques.
 39547 | Snake:4  | Found Adeud's Assorted Antiques.
 39558 | Snake:4  | Found Uwolur's Weapon Shop.
 39561 | Snake:4  | Bought a scroll of teleportation for 99 gold pieces
 39561 | Snake:4  | Bought a scroll of teleportation for 99 gold pieces
 39561 | Snake:4  | Bought a potion of curing for 99 gold pieces
 39568 | Snake:4  | Bought a scroll of teleportation for 69 gold pieces
 41213 | Shoals:2 | Reached skill level 16 in Spellcasting
 41839 | Shoals:2 | Found Qavoir's Magic Scroll Boutique.
 41852 | Shoals:2 | Bought a scroll of teleportation for 48 gold pieces
 41852 | Shoals:2 | Bought a scroll of fear for 56 gold pieces
 41852 | Shoals:2 | Bought a scroll of magic mapping for 56 gold pieces
 42116 | Shoals:3 | Noticed Ilsuiw
 42121 | Shoals:3 | Killed Ilsuiw
 42146 | Shoals:3 | Reached skill level 10 in Shields
 42560 | Shoals:3 | Found the ring of the Hare {EV+8}
 42568 | Shoals:3 | Found a runed translucent door.
 42917 | Shoals:3 | Reached XP level 21. HP: 118/166 MP: 0/0
 42917 | Shoals:3 | Learned a level 7 spell: Orb of Destruction
 43109 | Shoals:4 | Entered Level 4 of the Shoals
 43109 | Shoals:4 | Noticed Polyphemus
 43116 | Shoals:3 | Killed Polyphemus
 43244 | Shoals:4 | Identified the +5 falchion of Posoroloi {vorpal, rC+ Dex+4
                  | Stlth-}
 43737 | Shoals:4 | Found Kuded's Mass Market.
 43788 | Shoals:4 | Got a barnacled rune of Zot
 44285 | Vaults:1 | Entered Level 1 of the Vaults
 44356 | Vaults:1 | Acquired 1051 gold pieces
 44360 | Vaults:1 | Acquired the +2 pair of gloves of Fygutani {rF- rN++ Will+
                  | Stlth+}
 45271 | Vaults:1 | Reached skill level 1 in Polearms
 45275 | Vaults:1 | Reached skill level 17 in Spellcasting
 45685 | Vaults:1 | Identified the +1 chain mail of Undesirable Species {rPois
                  | Regen+}
 46269 | Vaults:2 | Reached XP level 22. HP: 172/172 MP: 0/0
 46378 | Vaults:2 | Found Impu's Antique Weapon Emporium.
 46679 | Vaults:2 | Noticed Bai Suzhen
 46689 | Vaults:2 | Killed Bai Suzhen
 47083 | Vaults:2 | Reached skill level 5 in Armour
 47268 | Vaults:2 | Found a staircase to the Crypt.
 47508 | Vaults:3 | Reached skill level 10 in Evocations
 47838 | Vaults:3 | Noticed Nikola
 47845 | Vaults:3 | Killed Nikola
 47851 | Vaults:3 | Reached skill level 5 in Polearms
 48915 | Vaults:4 | Reached XP level 23. HP: 163/178 MP: 0/0
 48915 | Vaults:4 | Learned a level 8 spell: Maxwell's Capacitive Coupling
 48934 | Vaults:4 | Noticed Boris
 48944 | Vaults:4 | Killed Boris
 49040 | Vaults:4 | Identified the +4 robe of Surprise {Will+ MP-9 Str+4 SInv}
 49631 | Vaults:4 | Reached skill level 10 in Stealth
 49652 | Vaults:4 | Acquired 919 gold pieces
 50282 | Depths:1 | Reached skill level 18 in Spellcasting
 50820 | Depths:1 | Found Qiugagoi's Jewellery Shop.
 50822 | Depths:1 | Found Vuaxzan's Book Boutique.
 50824 | Depths:1 | Found Over Muowu's Antique Armour Shop.
 50838 | Depths:1 | Bought the amulet "Guggiph" {Reflect rF+ rN++ Str-4 SH+5}
                  | for 875 gold pieces
 51160 | Depths:1 | Found a gateway to Hell.
 51164 | Depths:1 | Identified the +7 demon whip of Luiskiot {drain, rC+ Int+7
                  | SInv Stlth+}
 51280 | Depths:1 | Found a one-way gateway to a ziggurat.
 51352 | Depths:2 | Reached XP level 24. HP: 171/184 MP: 0/0
 51410 | Depths:2 | Found an ornate altar of the Wu Jian Council.
 51438 | Depths:2 | Paralysed by a vampire knight for 3 turns
 51458 | Depths:2 | You are sucked into a shaft and drop 2 floors!
 51458 | Depths:4 | Entered Level 4 of the Depths
 51582 | Depths:4 | Noticed a juggernaut
 51587 | Depths:4 | Killed a juggernaut
 51596 | Depths:4 | Noticed Boris
 51664 | Depths:3 | Reached skill level 10 in Armour
 51679 | Depths:2 | Found a one-way gate leading to the halls of Pandemonium.
 52821 | Depths:3 | Noticed a golden dragon
 52955 | Depths:3 | Reached skill level 1 in Maces & Flails
 53015 | Depths:3 | Killed Boris
 53272 | Depths:3 | Found a stormy altar of Qazlal.
 53325 | Depths:3 | Noticed Louise
 53331 | Depths:3 | Killed Louise
 53378 | Depths:3 | Noticed Sojobo
 53385 | Depths:3 | Killed Sojobo
 53554 | Depths:3 | Reached XP level 25. HP: 148/191 MP: 0/0
 53554 | Depths:3 | Learned a level 8 spell: Necromutation
 53901 | Depths:3 | Reached skill level 15 in Dodging
 54863 | Depths:4 | Reached skill level 19 in Spellcasting
 55495 | Depths:4 | Found a gate to the Realm of Zot.
 55502 | Depths:4 | Upgraded the game from 0.29-a0-520-gc852659d43 to
                  | 0.29-a0-529-gfa20dd96a1
 55806 | Depths:4 | Reached skill level 5 in Maces & Flails
 56657 | Elf:1    | Found Aciqigh's Weapon Shoppe.
 57345 | Elf:2    | Found a runed translucent gate.
 57345 | Elf:2    | Found a runed translucent gate.
 57345 | Elf:2    | Found a runed translucent gate.
 57648 | Elf:2    | Reached XP level 26. HP: 200/200 MP: 0/0
 57799 | Elf:3    | Entered Level 3 of the Elven Halls
 58082 | Elf:3    | Found the +9 scales of the Dragon King {rPois rF+ rC+
                  | Will+}
 58098 | Elf:3    | Identified the ring of Enogax {Contam rC+ rCorr Str+10
                  | Dex-4}
 58098 | Elf:3    | Identified the ring of Righy {Str+4 Int+2 Slay+4}
 58098 | Elf:3    | Identified the ring of Basethros {rCorr Str+2 Int+4}
 58100 | Elf:3    | Identified the +3 rapier "Ifarch" {vorpal, rElec Int+5
                  | Stlth+}
 58266 | Elf:3    | Identified the ring "Hyirghis" {*Corrode *Slow rF+ Str+3
                  | Dex+6}
 58724 | Elf:3    | Found a huge runed gate.
 58724 | Elf:3    | Found a huge runed gate.
 58724 | Elf:3    | Found a huge runed gate.
 58724 | Elf:3    | Found a huge runed gate.
 58724 | Elf:3    | Found a huge runed gate.
 58725 | Elf:3    | Found a huge runed gate.
 58725 | Elf:3    | Found a huge runed gate.
 58726 | Elf:3    | Found a huge runed gate.
 58727 | Elf:3    | Found a huge runed gate.
 58727 | Elf:3    | Found a huge runed gate.
 58728 | Elf:3    | Found a huge runed gate.
 58732 | Elf:3    | Found a huge runed gate.
 58733 | Elf:3    | Found a huge runed gate.
 58734 | Elf:3    | Found a huge runed gate.
 58735 | Elf:3    | Found a huge runed gate.
 58736 | Elf:3    | Found a huge runed gate.
 58744 | Elf:3    | Found a huge runed gate.
 58744 | Elf:3    | Found a huge runed gate.
 58744 | Elf:3    | Found a huge runed gate.
 58744 | Elf:3    | Found a huge runed gate.
 58744 | Elf:3    | Found a huge runed gate.
 58745 | Elf:3    | Found a huge runed gate.
 58749 | Elf:3    | Found a huge runed gate.
 58750 | Elf:3    | Found a huge runed gate.
 58751 | Elf:3    | Found a huge runed gate.
 58759 | Elf:3    | Found a huge runed gate.
 58759 | Elf:3    | Found a huge runed gate.
 58759 | Elf:3    | Found a huge runed gate.
 58759 | Elf:3    | Found a huge runed gate.
 58760 | Elf:3    | Found a huge runed gate.
 58765 | Elf:3    | Found a huge runed gate.
 58766 | Elf:3    | Found a huge runed gate.
 58767 | Elf:3    | Found a huge runed gate.
 58768 | Elf:3    | Found a huge runed gate.
 58777 | Elf:3    | Found a huge runed gate.
 58777 | Elf:3    | Found a huge runed gate.
 58948 | Elf:3    | Identified the +7 chain mail "Kiukh" {rPois rC+ Int-3}
 59105 | Elf:3    | Identified the +7 hunting sling "Hoejuan" {freeze, Str-3
                  | Int+7}
 59485 | Crypt:1  | Entered Level 1 of the Crypt
 59958 | Vaults:5 | Entered Level 5 of the Vaults
 59962 | Vaults:5 | Reached XP level 27. HP: 205/205 MP: 0/0
 59962 | Vaults:5 | Learned a level 9 spell: Chain Lightning
 60151 | D:14     | Identified the +5 executioner's axe of Causality {flame,
                  | Fly rC+++ rN++ Int-2}
 60473 | Lair:3   | Killed Mose's ghost
 60961 | Depths:1 | Bought a faintly humming scale mail for 270 gold pieces
 60961 | Depths:1 | Identified the +9 scale mail "Lacin" {Int+4} (You bought it
                  | in a shop on level 1 of the Depths)
 60988 | Depths:1 | Upgraded the game from 0.29-a0-529-gfa20dd96a1 to
                  | 0.29-a0-541-gaf1fc19f1b
 61889 | Crypt:1  | Identified the +10 hand axe "Zisho Keiqi" {vorpal, rPois
                  | rC+ rCorr Int+2}
 62406 | Crypt:1  | Identified the +5 chain mail "Ireomnue" {Harm rElec Int+3
                  | SInv}
 62412 | Crypt:1  | Identified the amulet of Soxzup {RegenMP rF+}
 62541 | Crypt:1  | Reached skill level 20 in Spellcasting
 63776 | Crypt:1  | Found a basalt altar of Yredelemnul.
 63796 | Crypt:3  | Entered Level 3 of the Crypt
 64454 | Crypt:2  | Identified the +3 trident "Voarous" {venom, Drain +Blink
                  | Str+2}
 64721 | Crypt:2  | Identified the amulet "Nytoha" {RegenMP Int+2}
 65124 | Crypt:3  | Reached skill level 15 in Armour
 65304 | Crypt:3  | Found a staircase to the Tomb.
 65827 | Crypt:3  | Found a basalt altar of Yredelemnul.
 65851 | Crypt:3  | Found the amulet of Vitality {Regen+ HP+15}
 65884 | Crypt:3  | Found the +7 great mace "Undeadhunter" {disrupt, rN+}
 67202 | Vaults:5 | Identified the ring of False Pretenses {rPois rN+ rCorr
                  | Stlth+}
 67213 | Vaults:5 | Identified the +1 plate armour of Loss {*Slow rF+++ rC-
                  | Slay+5}
 67215 | Vaults:5 | Reached skill level 21 in Spellcasting
 67369 | Vaults:5 | Found Itixicw's Magic Scroll Boutique.
 67393 | Vaults:5 | Bought a scroll of teleportation for 51 gold pieces
 67393 | Vaults:5 | Bought a scroll of teleportation for 51 gold pieces
 67393 | Vaults:5 | Bought a scroll of teleportation for 51 gold pieces
 67393 | Vaults:5 | Bought a scroll of fear for 59 gold pieces
 67777 | Vaults:5 | Identified the ring "Nywkiomi" {Drain AC+4 Int+3}
 67949 | Vaults:5 | Identified the +3 robe "Beovadal" {Will++ Str-5 Int+10}
 67954 | Vaults:5 | Got a silver rune of Zot
 67962 | Vaults:5 | Identified the amulet of Xom's Amusement {Spirit rN+ Regen+
                  | MP+9 Stlth+}
 67974 | Vaults:5 | Identified the +5 quarterstaff "Maofis" {venom, Dex+8}
 68786 | Zot:1    | Entered Level 1 of the Realm of Zot
 68960 | Zot:1    | Noticed an orb of fire
 68966 | Zot:1    | Killed an orb of fire
 69013 | Zot:1    | Noticed an orb of fire
 69019 | Zot:1    | Killed an orb of fire
 69656 | Zot:2    | Reached skill level 22 in Spellcasting
 70102 | Zot:2    | Upgraded the game from 0.29-a0-541-gaf1fc19f1b to
                  | 0.29-a0-542-g075992c915
 70289 | Zot:2    | Upgraded the game from 0.29-a0-542-g075992c915 to
                  | 0.29-a0-911-g88e6f02907
 71450 | Zot:3    | Identified the +7 fire dragon scales of Oniemm {rElec rF++
                  | rC- Str-4 Dex+4}
 71473 | Zot:3    | Identified the +1 ring mail of Intuition {Rampage rF+
                  | Int-5}
 71639 | Zot:4    | Reached skill level 23 in Spellcasting
 72239 | Snake:4  | Bought a scroll of magic mapping for 82 gold pieces
 72249 | Snake:4  | Bought a scroll of fog for 92 gold pieces
 72489 | Orc:2    | Bought a pitted quarterstaff for 270 gold pieces
 72489 | Orc:2    | Identified the +12 quarterstaff "Nyniaq" {freeze, rPois
                  | Str-2 Int+5 SInv} (You bought it in a shop on level 2 of
                  | the Orcish Mines)
 72545 | Orc:2    | Bought a potion of haste for 160 gold pieces
 72545 | Orc:2    | Bought a potion of brilliance for 64 gold pieces
 72545 | Orc:2    | Bought 3 potions of cancellation for 384 gold pieces
 73073 | D:13     | Bought a potion of curing for 39 gold pieces
 73073 | D:13     | Bought a potion of resistance for 130 gold pieces
 73073 | D:13     | Bought a potion of curing for 39 gold pieces
 73212 | Depths:1 | Bought the ring "Qoseuck" {rElec rPois Dex+3} for 765 gold
                  | pieces
 73479 | Orc:2    | Bought the ring of Myppon {Ice +Blink Will- Dex+2 Stlth+}
                  | for 543 gold pieces
 74046 | Zot:4    | Found a runed translucent gate.
 74046 | Zot:4    | Found a runed translucent gate.
 74150 | Zot:5    | Entered Level 5 of the Realm of Zot
 74675 | Zot:4    | Found a runed translucent gate.
 75598 | Zot:5    | Noticed an orb of fire
 75602 | Zot:5    | Killed an orb of fire
 75603 | Zot:5    | Reached skill level 24 in Spellcasting
 75605 | Zot:5    | Noticed an orb of fire
 75613 | Zot:5    | Killed an orb of fire
 75615 | Zot:5    | Noticed a Killer Klown
 75617 | Zot:5    | Killed a Killer Klown
 75755 | Zot:5    | Noticed an ancient lich
 75760 | Zot:5    | Killed an ancient lich
 75777 | Zot:5    | Noticed an ancient lich
 75783 | Zot:5    | Killed an ancient lich
 75834 | Zot:5    | Noticed a Killer Klown
 75839 | Zot:5    | Killed a Killer Klown
 76002 | Zot:5    | Noticed a dread lich
 76002 | Zot:5    | Noticed a Killer Klown
 76007 | Zot:5    | Paralysed by a dread lich for 3 turns
 76009 | Zot:5    | Killed a dread lich
 76009 | Zot:5    | Noticed an orb of fire
 76011 | Zot:5    | Killed a Killer Klown
 76011 | Zot:5    | Gained mutation: You are dopey. (Int -2) [an orb of fire]
 76013 | Zot:5    | Killed an orb of fire
 76019 | Zot:5    | Noticed an ancient lich
 76024 | Zot:5    | Killed an ancient lich
 76029 | Zot:5    | Lost mutation: You are dopey. (Int -2) [potion of mutation]
 76029 | Zot:5    | Lost mutation: Armour fits poorly on your strangely shaped
                  | body. [potion of mutation]
 76036 | Zot:5    | Noticed a Killer Klown
 76041 | Zot:5    | Killed a Killer Klown
 76133 | Zot:5    | Got the Orb of Zot
 76162 | Zot:5    | Reached skill level 25 in Spellcasting
 76537 | D:9      | Noticed Fiezah the pandemonium lord
 76541 | D:9      | Killed Fiezah the pandemonium lord
 76740 | D:1      | YEAH !
 76749 | D:$      | Escaped with the Orb!

Illustrated notes

##...##.#####...≈...#.####..##.##
.........####.8.≈.8.#.####..##.##
............#...≈...#............
.........##.#.⌠.≈.⌠.#............
.........##.#...≈...#..####.##.##
...#'######.#.8.≈.8.#..# #.....#
.........##.#...≈...#..# #.....#
.........##.#.⌠.≈.⌠.#..# #.....#
.........##.#...@...#..# ##....#
.........##.#.8)≈.8.#..# #....#
##.###'####.#...≈...#..# #.....
##.###..###.###...###..#####..(..
..............##<##..............
#..............###..#............
####....###......................
.................................
..##...#.#.................#####.


Turn 76740 on D:1: YEAH !

Levels and vault maps discovered:
D:1:      mainiacjoe_arrival_reflecting_pool, layout_basic, minivault_14,
          minivault_27
D:2:      layout_basic, serial_park_tiny_2
D:3:      layout_basic, slow_altar_2, tgw_xom,
          dreamdust_ecumenical_altar_angels_and_demons,
          chequers_serial_rivers_micro_c, eino_tiny_chamber,
          minmay_gold_behind_fungi, uniq_sigmund, uniq_grinder
D:4:      layout_cave_pools, mainiacjoe_overflow_cross_hatched,
          nicolae_ru_sacrificial_ziggurat, nicolae_overflows_in_rows,
          supply_closet_lemuel, minmay_bent
D:5:      layout_basic, grunt_ministairs_6
D:6:      layout_layer_cave
D:7:      layout_rooms, minmay_temple_entry_tees
D:8:      layout_loops_corners, uniq_amaemon
D:9:      layout_cave_pods, zombieorc1_lemuel, uniq_prince_ribbit1
D:10:     layout_loops_ring, dpeg_lair_monsters, uniq_nergalle, uniq_maurice,
          uniq_maggie
D:11:     minmay_roctagon, layout_basic, nicolae_yredelemnul_corpse_copse
D:12:     layout_basic, minmay_fire_ice_demons
D:13:     layout_cave_pods, skrybe_vaults_entry_preservation, serial_shops, shop
D:14:     layout_loops_ring, ebering_dispersal_statue_hall,
          kennysheep_treasure_room
D:15:     grunt_enter_depths_hoard, layout_rooms,
          nicolae_concentric_dashed_squares_wild,
          portal_ice_cave_entry_pillars_three
Temple:   compressed_dpeg_triangle_lava_temple
Lair:1:   layout_layer_cave, uniq_erica
Lair:2:   nzn_winding_woodlands_medium [nzn_winding_woodlands_hourglass,
          nzn_winding_woodlands_5x15_river_crossing,
          nzn_winding_woodlands_5x5_three, nzn_winding_woodlands_5x5_open_star,
          nzn_winding_woodlands_center_pierced_h,
          nzn_winding_woodlands_5x5_closed_star,
          nzn_winding_woodlands_5x5_default, nzn_winding_woodlands_5x15_crooked,
          nzn_winding_woodlands_5x5_checkerboard], layout_loops_ring,
          dummy_snake_entry, uniq_sonja, uniq_harold
Lair:3:   layout_regular_city, gammafunk_ghost_abyssal_escape, pond,
          grunt_megastairs_4, uniq_snorg
Lair:4:   beast_lair_carwin_large_1, layout_layer_cave, shoals_dummy_entry,
          nicolae_lair_grazing_beasts [nicolae_sub_lair_graze_edge,
          nicolae_sub_lair_graze_edge, nicolae_sub_lair_graze_edge,
          nicolae_sub_lair_graze_edge]
Lair:5:   layout_regular_city
Lair:6:   gammafunk_lair_ancient_temple, layout_loops_ring,
          nicolae_slime_entry_slimehenge, serial_bayou_pond_a
Shoals:1: layout_shoals, nicolae_shoals_mertower
Shoals:2: layout_shoals, serial_shops, shop, st_sunken_huts
Shoals:3: nicolae_shoals_lighthouse, layout_shoals, uniq_ilsuiw
Shoals:4: shoals_end_simple, layout_shoals, minmay_shop_mass, uniq_polyphemus
Snake:1:  layout_rooms, grunt_ministairs_5, nicolae_snake_snakes_in_the_grass,
          serial_bayou_shore_a, lemuel_fruit_tree
Snake:2:  layout_cave_pods, nrook_guardian_serpent_ordinary
Snake:3:  layout_cave_shapes, serial_bayou_pond_b, grunt_megastairs_2,
          minmay_shop_grove, uniq_vashnia
Snake:4:  johnstein_snake_rune_scales, layout_chambers, serial_shops,
          nicolae_shop_statue_plus, nicolae_snake_springs, minmay_shoptagon,
          serial_bayou_shore_b
Slime:1:  layout_caves
Orc:1:    layout_caves, basic_altar, minmay_orc_keep
Orc:2:    grunt_orc_community_town_hall, layout_caves,
          grunt_orc_community_big_house_2, grunt_orc_community_big_house_2,
          grunt_orc_community_house_2, grunt_orc_community_house_3,
          grunt_orc_community_house_2, grunt_orc_community_house_3,
          grunt_orc_community_house_2, grunt_orc_community_house_3,
          special_room, serial_shops, shop
Elf:1:    eino_elf_arrival_sip, layout_loops_cross, serial_shops,
          nicolae_diamond_shop, kennysheep_underground_church
Elf:2:    elven_hall_of_blades_hangedman_original
          [nicolae_blade_entry_diamond_columns], layout_geoelf_grid
Elf:3:    grunt_elf_hall_spiral, layout_gridlike, special_room
          [special_room_orc], door_vault
Vaults:1: vaults_dpeg_spiral, v_misc_17, nicolae_vaults_network_barrier,
          st_octagons_2, ontoclasm_vaults_decontamination,
          nicolae_vaults_twisting_passages, vaults_standard_mumra_lines,
          nicolae_vaults_asterisk, dpeg_vaults_monster_box,
          ontoclasm_vaults_spin, ontoclasm_vaults_shuriken, v_misc_4,
          nicolae_vaults_little_squares_6, hangedman_vaults_corner_blocks,
          layout_vaults_maze_bifur
Vaults:2: hangedman_vaults_maws, hangedman_vaults_nodes, v_misc_18,
          hangedman_vaults_corner_blocks, minmay_crypt_entry_simple_sparse,
          nicolae_vaults_yaktaur_gun_rack, hangedman_vaults_stagger,
          vaults_room_fours, vaults_room_door_ring, vaults_mumra_lcd,
          nicolae_vaults_circle_grid_a, vaults_dpeg_cross, v_misc_15, v_misc_17,
          layout_vaults_omnibox, serial_shops, nicolae_shop_trees,
          uniq_bai_suzhen
Vaults:3: grunt_vaults_bifocal, ontoclasm_vaults_ligature,
          dpeg_vaults_monster_row, vaults_room_grid, v_misc_31,
          vaults_room_stairs_pillars, v_misc_26, vaults_mumra_chevron_long,
          vaults_room_semicircle, layout_vaults_big_room, uniq_nikola
Vaults:4: vaults_room_door_ring, nicolae_vaults_shelves_hall, v_rooms_4,
          hangedman_vaults_unwind, v_misc_10, v_alt_pattern_4,
          hangedman_vaults_variations, vaults_mumra_minichess_inversion,
          hangedman_vaults_nails, vaults_room_large_hall,
          layout_vaults_big_cross, uniq_margery, uniq_boris
Vaults:5: serial_shops
Crypt:1:  cheibrodos_crypt_down_in_the_bonehoard, layout_misc_corridors,
          nicolae_crypt_small_crypt, grunt_ministairs_3,
          nicolae_crypt_crumbling_hall, grunt_crypt_arrival_webbed,
          lemuel_upstairs_altar
Crypt:2:  layout_gridlike, nicolae_crypt_stairs_room, hangedman_summoners_spam
Crypt:3:  lightli_unholy_cathedral, layout_chaotic_city,
          tomb_entry_sphere_bobbens, minivault_11
Depths:1: layout_twisted_cross, enter_ziggurat_c, mu_enter_wizlab_4,
          minmay_misc_feat_rows, hellmouth_1, onia_ninara_cookie,
          minmay_shop_star
Depths:2: minmay_polygon_palace, layout_cave_pools, nicolae_vehumet_radiance,
          lightli_too_deep, abyss_entry_crystal, pan_entry,
          hangedman_decor_lopped, kennysheep_another_room,
          nicolae_wu_jian_immortal_techniques
Depths:3: evilmike_negative_zone, layout_honeycomb, hell_entry,
          nicolae_abyss_entry_one_way_or_another, grunt_qazlal_clouds,
          serial_bayou_shore_b, roderic_lattice_octagonal_star, uniq_sojobo
Depths:4: evilmike_zot_entry_gauntlet, layout_gridville,
          marbit_kobold_abyss_entry, hell_entry, minmay_hedge_maze
Zot:1:    layout_cellular_growth, grunt_ministairs_12, grunt_megastairs_3
Zot:2:    layout_misc_corridors, grunt_megastairs_5
Zot:3:    layout_gridlike
Zot:4:    layout_concentric_octagons, gammafunk_ghost_tricky_traps
Zot:5:    layout_onion

Skill      XL: |  1  2  3  4  5  6  7  8  9 10 11 12 13 14 15 16 17 18 19 20 21 22 23 24 25 26 27 |
---------------+----------------------------------------------------------------------------------+-----
Fighting       | 1 2 3 4 5 7 9 11 12 14 15 16 17 18 19 20 | 20.1
Spellcasting   | 4 5 6 7 9 10 11 12 13 14 15 16 17 18 19 25 | 25.2
Armour         | 2 3 4 7 9 10 11 17 | 17.2
Dodging        | 3 6 9 10 11 13 14 16 17 | 17.0
Invocations    | 1 5 7 9 10 | 10.0
Evocations     | 1 2 4 5 6 8 9 10 12 | 12.7
Stealth        | 3 5 6 7 9 11 12 | 12.4
Shields        | 4 8 10 11 | 11.8
Polearms       | 3 5 7 9 |  9.0
Maces & Flails | 2 6 8 |  8.2

Action                   |  1- 3 |  4- 6 |  7- 9 | 10-12 | 13-15 | 16-18 | 19-21 | 22-24 | 25-27 || total
-------------------------+-------+-------+-------+-------+-------+-------+-------+-------+-------++-------
Melee: Dagger            |       |     6 |     1 |       |       |       |       |       |       ||     7
       Spear             |       |       |       |    11 |    16 |     5 |     5 |     2 |       ||    39
       Punch             |       |       |       |       |     2 |       |       |       |       ||     2
       Demon whip        |       |       |       |       |       |       |       |     3 |    27 ||    30
       Rapier            |       |       |       |       |       |       |       |       |     2 ||     2
 Cast: Magic Dart        |    75 |   102 |   144 |   105 |   203 |   104 |   130 |    58 |   169 ||  1090
       Searing Ray       |     1 |    10 |    38 |    30 |    24 |     6 |     1 |       |       ||   110
       Fulminant Prism   |       |       |    27 |    57 |     4 |     5 |     2 |     1 |     5 ||   101
       Ensorcelled Hiber |       |       |     4 |     4 |       |     1 |       |       |       ||     9
       Olgreb's Toxic Ra |       |       |     2 |    20 |    55 |    26 |       |    11 |     4 ||   118
       Ignite Poison     |       |       |     1 |    10 |    16 |    14 |       |    10 |       ||    51
       Dazzling Flash    |       |       |     1 |       |     1 |       |       |       |       ||     2
       Lightning Bolt    |       |       |       |    42 |    63 |    47 |    73 |    78 |   110 ||   413
       Iskenderun's Myst |       |       |       |    16 |    21 |     3 |     2 |     7 |     6 ||    55
       Borgnjor's Vile C |       |       |       |       |   212 |   149 |   145 |   114 |   305 ||   925
       Iron Shot         |       |       |       |       |    16 |    89 |   133 |   173 |   438 ||   849
       Ozocubu's Refrige |       |       |       |       |       |    33 |   154 |   180 |   256 ||   623
       Sandblast         |       |       |       |       |       |       |     1 |       |       ||     1
       Orb of Destructio |       |       |       |       |       |       |       |    18 |   101 ||   119
       Maxwell's Capacit |       |       |       |       |       |       |       |     2 |     4 ||     6
       Enfeeble          |       |       |       |       |       |       |       |     2 |    28 ||    30
       Necromutation     |       |       |       |       |       |       |       |       |    14 ||    14
       Chain Lightning   |       |       |       |       |       |       |       |       |    68 ||    68
Evoke: Wand              |       |       |       |       |       |       |     1 |       |     9 ||    10
  Use: Scroll            |       |     3 |     5 |     4 |    20 |     2 |     2 |     4 |    10 ||    50
       Potion            |       |       |       |     1 |     6 |     4 |       |       |     7 ||    18
 Stab: Distracted        |       |       |       |       |     1 |       |       |       |       ||     1
       Sleeping          |       |       |       |       |       |       |     1 |       |       ||     1
Armor: Robe              |     1 |    22 |    18 |    28 |    14 |       |       |       |       ||    83
       Troll leather arm |       |       |       |       |    63 |    44 |    31 |    33 |    62 ||   233
       Storm dragon scal |       |       |       |       |       |       |       |       |    14 ||    14
Dodge: Dodged            |     3 |    39 |    35 |    41 |   130 |    76 |    81 |    63 |   189 ||   657
Block: Buckler           |       |       |       |       |       |     1 |    67 |    35 |    93 ||   196
       Reflection        |       |       |       |       |       |     1 |    31 |     7 |     3 ||    42

Table legend: (Time is in decaauts)
 A = Elapsed time spent in this place.
 B = Non-inter-level travel time spent in this place.
 C = Inter-level travel time spent in this place.
 D = Time resting spent in this place.
 E = Time spent auto-exploring this place.
 F = Levels seen in this place.
 G = Mean time per level.
                   A        B        C        D        E       F      G
               +--------+--------+--------+--------+--------+-----+--------+
         Total |  76912 |  67872 |   9040 |  15224 |  23967 |  54 | 1424.3 |
       Dungeon |  24513 |  20826 |   3687 |   6278 |   8954 |  15 | 1634.2 |
        Temple |    301 |    288 |     13 |      0 |    249 |   1 |  301.0 |
          Lair |  10285 |   9179 |   1106 |   2808 |   3394 |   6 | 1714.2 |
        Shoals |   3825 |   3644 |    181 |    318 |   1038 |   4 |  956.2 |
     Snake Pit |   5122 |   4671 |    451 |    483 |   2454 |   4 | 1280.5 |
    Slime Pits |     31 |     31 |      0 |      0 |      0 |   1 |   31.0 |
  Orcish Mines |   2852 |   2246 |    606 |    684 |    939 |   2 | 1426.0 |
   Elven Halls |   3064 |   2728 |    336 |    133 |   1011 |   3 | 1021.3 |
        Vaults |   8071 |   7185 |    886 |   1079 |   1836 |   5 | 1614.2 |
         Crypt |   5140 |   4555 |    585 |    783 |   1369 |   3 | 1713.3 |
        Depths |   7012 |   6082 |    930 |   1062 |   2190 |   4 | 1753.0 |
           Zot |   5523 |   5267 |    256 |   1163 |    533 |   5 | 1104.6 |
      Ice Cave |   1167 |   1167 |      0 |    432 |      0 |   1 | 1167.0 |
               +--------+--------+--------+--------+--------+-----+--------+

Top non-repeatable levels by time:
     D:9: 2798 daAuts
  Lair:2: 2717 daAuts
    D:10: 2608 daAuts
Depths:3: 2143 daAuts
 Crypt:1: 2139 daAuts
Vaults:1: 2068 daAuts
Depths:4: 1989 daAuts
     D:8: 1903 daAuts
     D:6: 1895 daAuts
    D:13: 1861 daAuts
  Lair:4: 1859 daAuts
Vaults:4: 1830 daAuts
   Orc:2: 1817 daAuts
  Lair:3: 1761 daAuts
     D:5: 1755 daAuts
